 Dungeon Crawl Stone Soup version 0.14-a0-1969-g2c76abe (webtiles) character file.

11185 4tharraofdagon the Cruncher (level 11, 3/92 HPs)
             Began as a Djinni Gladiator on Jan 17, 2014.
             Was an Elder of Cheibriados.
             Quit the game on Level 3 of the Lair of Beasts.
             The game lasted 00:35:39 (6043 turns).

4tharraofdagon the Cruncher (Djinni Gladiator)      Turns: 6043, Time: 00:35:39

HP   3/92        AC 15     Str 30      XL: 11   Next: 40%
MP   0/0         EV 22     Int 18      God: Cheibriados [****..]
Gold 452         SH  0     Dex 27      Spells:  1 memorised,  6 levels left

rFire  + + +     SeeInvis .     a - +1,+0 quarterstaff
rCold  x . .     Clarity  .     k - +4 dwarf ring mail
rNeg   + + +     Conserve +     (no shield)
rPois  +         rCorr    .     v - +2 helmet
rElec  .         rRot     .     t - +0 cloak
SustAb . .       Spirit   .     (no gloves)
rMut   .         Warding  .     (boots unavailable)
Saprov . . .     Stasis   .     E - amulet of conservation
MR     .....                    D - ring of invisibility
                                j - ring of poison resistance

@: agile, flying, very slightly contaminated, very slow, not resistant to
hostile enchantments, stealthy
A: fire immunity, cold vulnerability, life protection 3, sense surroundings 1,
strong 1
a: Bend Time, Temporal Distortion, Slouch, Renounce Religion, Evoke Invisibility


You were on level 3 of the Lair of Beasts.
You worshipped Cheibriados.
Cheibriados was greatly pleased with you.
You were not hungry.

You visited 3 branches of the dungeon, and saw 14 of its levels.
You also visited: Sewer and Bailey.

You collected 452 gold pieces.

Inventory:

Hand weapons
 a - a +1,+0 quarterstaff (weapon)
 o - a +0 blowgun
 z - a +0,+0 crossbow
 I - a +0,+0 quarterstaff
 Q - a +2,+3 flail of protection
Missiles
 m - 16 darts of frost (quivered)
 r - a throwing net [frayed]
 s - 2 throwing nets [torn]
 J - 4 javelins
 K - 10 tomahawks of returning
 N - 11 poisoned needles
Armour
 c - a +0 helmet
 k - a +4 dwarven ring mail (worn)
 t - a +0 cloak (worn)
 v - a +2 helmet (worn)
 S - a +0 helmet
 T - a cursed +0 ring mail
 W - a +0 troll hide
Magical devices
 i - a wand of slowing (10)
 O - a wand of slowing (5)
 P - a wand of digging (17)
Comestibles
 F - a royal jelly
Scrolls
 e - 9 scrolls of remove curse
 f - a scroll of amnesia
 h - 3 scrolls of magic mapping
 w - a scroll of noise
 y - 4 scrolls of fog
 R - a scroll of identify
 Z - a scroll of recharging
Jewellery
 d - an uncursed ring of fire
 j - a ring of poison resistance (left hand)
 x - an uncursed amulet of warding
 D - a ring of invisibility (right hand)
 E - an amulet of conservation (around neck)
 H - a +1 ring of evasion
 V - an uncursed ring of protection from magic
Potions
 b - a potion of invisibility {unknown}
 p - a potion of restore abilities
 C - 2 potions of speed
 G - 5 potions of curing
 L - 2 potions of magic
Books
 g - a book of Control

   Spells                             Type                      Level
   *Control Teleport                  Charms/Translocation         4
   Control Undead                     Necromancy                   4
   Enslavement                        Hexes                        4
   Mass Confusion                     Hexes                        6
   Metabolic Englaciation             Hexes/Ice                    6
 l - a book of Power

   Spells                             Type                      Level
   Iskenderun's Mystic Blast          Conjuration                  4
   Venom Bolt                         Conjuration/Poison           5
   Bolt of Magma                      Conjuration/Fire/Earth       5
   Fulminant Prism                    Conjuration/Hexes            5
   Iron Shot                          Conjuration/Earth            6
   Orb of Destruction                 Conjuration                  7
 X - the Grimoire of Dark Rites
   (You found it on level 10 of the Dungeon)

   Spells                             Type                      Level
   Animate Skeleton                   Necromancy                   1
   Agony                              Necromancy                   5
   Death Channel                      Necromancy                   6
Magical staves
 A - an uncursed staff of power


   Skills:
 + Level 6.0 Fighting
 * Level 13.8 Staves
 - Level 1.7 Throwing
 + Level 6.6 Armour
 + Level 6.4 Dodging
 + Level 4.0 Invocations
 + Level 5.8 Evocations


You had 6 spell levels left.
You knew the following spells:

 Your Spells              Type           Power        Failure   Level  Hunger
a - Control Teleport      Chrm/Tloc      #.........   100%        4    #####..


Dungeon Overview and Level Annotations

Branches:
Dungeon (10/16)            Temple (1/1) D:6            Lair (3/8) D:10
 Shoals (0/5) Lair:3
    Orc: D:9-12       Swamp: Lair:3-6     Snake: Lair:3-6    Spider: Lair:3-6

Altars:
Ashenzari
Cheibriados
Dithmengos
Elyvilon
Fedhas
Kikubaaqudgha
Makhleb
Nemelex Xobeh
Okawaru
Sif Muna
Trog
Xom
Zin
the Shining One

Shops:
D:6 %   D:9 (


Innate Abilities, Weirdness & Mutations

You are immune to all types of fire, even holy and hellish.
You are vulnerable to cold.
You need no food.
You have no legs.
You are immune to negative energy.
You passively map a small area around you.
Your muscles are strong. (Str +2)


Message History

The eight-headed hydra closely misses you.
The eight-headed hydra barely misses you.
The eight-headed hydra misses you. The eight-headed hydra bites you.
* * * LOW HITPOINT WARNING * * *
The eight-headed hydra bites you.
* * * LOW HITPOINT WARNING * * *
The eight-headed hydra barely misses you.
The eight-headed hydra misses you.
The eight-headed hydra bites you but does no damage.
The jackal bites you but does no damage.
Unknown command.
Use which ability? (? or * to list)
Okay, then.
Unknown command.
Unknown command.
Drink which item? (? for menu, Esc to quit)
Okay, then.
Evoke which item? (* to show all) (? for menu, Esc to quit)
Okay, then.
Are you sure you want to abandon this character and quit the game? (Confirm with "yes".)

..............♣♣♣.........≈≈≈≈≈≈≈
..........................≈≈≈≈≈≈≈
...........................≈≈≈≈≈.
.................................
..............♣♣♣........... ....
..............♣♣♣........ .
..)...........♣♣♣......... ,,,
................h<........
................@.........
................D........ ,
..........♣♣♣............ , *
..........♣♣♣.......####. *
...l......♣♣♣l.....##,
....♣♣♣.....h......# * * *
....♣♣♣<...........# , ,
....♣♣♣............#
...................... ,


You could see an eight-headed hydra, a komodo dragon and 2 jackals.

Vanquished Creatures
  A black mamba (Lair:3)
  3 spiny frogs (Lair:1)
  2 fire drakes (Lair:2)
  2 trolls (D:10)
  Grinder (D:3)
  A komodo dragon (Lair:2)
  A two-headed ogre (D:9)
  A basilisk (Lair:3)
  A raven (D:6)
  5 blink frogs (Lair:3)
  A yak (D:10)
  2 hippogriffs
  A wyvern (D:9)
  A hungry ghost (D:10)
  A manticore (D:9)
  Edmund (D:9)
  The ghost of Piginabag the Insei, an average OpTm (D:3)
  7 wolves
  An orc warrior (Bailey)
  4 ice beasts
  A yellow wasp (D:9)
  A phantom (D:6)
  A black bear (Lair:2)
  3 sky beasts
  7 giant frogs
  A centaur (D:10)
  A giant slug (Lair:3)
  4 water moccasins
  A big kobold (Sewer)
  A wyvern zombie (D:6)
  A big fish (Sewer)
  An orc priest (D:6)
  A goliath beetle (D:10)
  4 hounds
  5 crimson imps
  A centaur skeleton (D:9)
  2 orc wizards
  A scorpion (D:6)
  An iguana (D:6)
  5 worker ants
  An ogre skeleton (D:10)
  13 gnolls (Bailey)
  5 adders
  7 green rats
  A giant mite (Lair:1)
  A worm (D:3)
  2 grey rats (Sewer)
  A giant eyeball (D:5)
  5 giant geckos
  14 orcs
  5 giant cockroaches
  6 hobgoblins
  11 jackals
  19 kobolds
  An ooze (D:2)
  4 training dummies (D:9)
  11 bats
  3 giant newts
  19 goblins
  An orc zombie (D:8)
  3 quokkas
  25 rats
  2 fungi (D:10)
241 creatures vanquished.

Vanquished Creatures (others)
  2 goblins (Bailey)
  A kobold (Bailey)
3 creatures vanquished.

Grand Total: 244 creatures vanquished

Notes
Turn   | Place    | Note
--------------------------------------------------------------
     0 | D:1      | 4tharraofdagon, the Djinni Gladiator, began the quest for the Orb.
     0 | D:1      | Reached XP level 1. HP: 15/15 MP: 0/0
   227 | D:2      | Gained mutation: You passively map a small area around you. [potion of beneficial mutation]
   342 | D:2      | Reached XP level 2. EP: 21/21
   623 | D:3      | Noticed Piginabag's ghost (average OpTm)
   640 | D:3      | Reached skill level 1 in Armour
   669 | D:3      | Killed Piginabag's ghost
   669 | D:3      | Reached skill level 4 in Staves
   669 | D:3      | Reached XP level 3. EP: 22/28
   669 | D:3      | Reached XP level 4. EP: 26/34
   731 | D:3      | Noticed Grinder
   733 | D:3      | Paralysed by Grinder for 5 turns
   739 | D:3      | Paralysed by Grinder for 7 turns
   747 | D:3      | Paralysed by Grinder for 7 turns
   770 | D:3      | Paralysed by Grinder for 6 turns
   781 | D:3      | Paralysed by Grinder for 4 turns
   817 | D:3      | Paralysed by Grinder for 3 turns
   823 | D:3      | Paralysed by Grinder for 7 turns
   839 | D:3      | Killed Grinder
   839 | D:3      | Reached skill level 5 in Staves
   839 | D:3      | Reached XP level 5. EP: 15/41
   839 | D:3      | Reached XP level 6. EP: 17/48
  1001 | D:3      | Found a glowing drain.
  1005 | Sewer    | Entered a sewer
  1144 | Sewer    | Found a white marble altar of Elyvilon.
  1158 | Sewer    | Gained mutation: Your muscles are strong. (Str +2) [potion of beneficial mutation]
  1405 | D:5      | Entered Level 5 of the Dungeon
  1532 | D:4      | Reached XP level 7. EP: 53/53
  1737 | D:6      | Noticed a raven
  1738 | D:6      | Noticed a raven
  1859 | D:6      | Found Xasihall's Food Boutique.
  1909 | D:6      | Found a staircase to the Ecumenical Temple.
  1914 | Temple   | Entered the Ecumenical Temple
  1990 | Temple   | Became a worshipper of Cheibriados the Contemplative
  2141 | D:6      | Killed a raven
  2141 | D:6      | Reached skill level 6 in Staves
  2141 | D:6      | Reached skill level 1 in Invocations
  2141 | D:6      | Reached skill level 1 in Evocations
  2157 | D:6      | Reached XP level 8. EP: 25/64
  2737 | D:7      | Reached skill level 7 in Staves
  2890 | D:8      | Reached skill level 5 in Dodging
  3095 | D:8      | :(
  3236 | D:9      | Found a flagged portal.
  3245 | Bailey   | Entered a bailey
  3344 | Bailey   | Reached skill level 5 in Armour
  3510 | Bailey   | Acquired Cheibriados' first power
  3622 | Bailey   | Reached skill level 12 in Staves
  3622 | Bailey   | Reached XP level 9. EP: 58/73
  3650 | D:9      | Noticed a two-headed ogre
  3663 | D:9      | Reached skill level 13 in Staves
  3663 | D:9      | Reached XP level 10. EP: 62/81
  3670 | D:9      | Killed a two-headed ogre
  3929 | D:9      | Noticed Edmund
  3962 | D:9      | Killed Edmund
  3962 | D:9      | Reached skill level 5 in Fighting
  4054 | D:8      | Acquired Cheibriados' second power
  4176 | D:9      | Found Liepit's Weapon Shoppe.
  4235 | D:10     | Entered Level 10 of the Dungeon
  4390 | D:10     | Found a staircase to the Lair.
  4452 | D:10     | Noticed a hill giant
  4529 | D:10     | Acquired Cheibriados' third power
  4540 | D:10     | Identified the Grimoire of Dark Rites
  4718 | Lair:1   | Entered Level 1 of the Lair of Beasts
  4791 | Lair:1   | Reached skill level 5 in Evocations
  4944 | Lair:2   | Noticed a four-headed hydra
  5163 | Lair:3   | Noticed a black mamba
  5181 | Lair:3   | Killed a black mamba
  5181 | Lair:3   | Reached XP level 11. EP: 52/91
  5227 | Lair:3   | Noticed an eight-headed hydra
  5259 | Lair:2   | Noticed a five-headed hydra
  5465 | Lair:2   | Learned a level 4 spell: Control Teleport
  5506 | Lair:3   | Found a staircase to the Shoals.
  6042 | Lair:3   | HP: 3/92 [eight-headed hydra (5)]
  6043 | Lair:3   | Quit the game

Action                   |  1- 3 |  4- 6 |  7- 9 | 10-12 || total
-------------------------+-------+-------+-------+-------++-------
Melee: Quarterstaff      |    52 |   110 |   395 |   478 ||  1035
Throw: Throwing net      |       |    13 |       |       ||    13
       Dart              |       |       |     1 |       ||     1
Invok: Slouch            |       |       |       |     5 ||     5
       Bend Time         |       |       |       |     2 ||     2
       Temporal Distorti |       |       |       |     1 ||     1
 Abil: Evoke Invisibilit |       |       |     5 |    11 ||    16
Evoke: Wand              |       |       |       |     5 ||     5
  Use: Potion            |     5 |     3 |     7 |    11 ||    26
       Scroll            |       |       |     6 |    15 ||    21
 Stab: Held in net/web   |       |     2 |       |       ||     2
       Invisible         |       |       |    11 |    31 ||    42
       Sleeping          |       |       |     1 |     2 ||     3
